 Dungeon Crawl Stone Soup version 0.31-a0-232-gb1c03b2570 (webtiles) character file.

Game seed: 14453052604581163358

95 qw the Shooter (level 4, -3/26 HPs)
             Began as a Gargoyle Hexslinger on July 7, 2023.
             Slain by Natasha (7 damage)
             ... on level 4 of the Dungeon.
             The game lasted 00:00:28 (1282 turns).

qw the Shooter (Gargoyle Hexslinger)                Turns: 1282, Time: 00:00:29

Health: -3/26      AC:  6    Str: 12    XL:     4   Next: 66%
Magic:  5/5        EV: 12    Int: 13    God:
Gold:   28         SH:  0    Dex: 14    Spells: 4/5 levels left

rFire   . . .        Y - +1 sling
rCold   . . .        (no shield)
rNeg    + . .        c - +0 robe
rPois   inf          (no helmet)
rElec   +            (no cloak)
rCorr   .            (no gloves)
SInv    .            f - +0 pair of boots
Will    .....        (no amulet)
Stlth   +            (no ring)
HPRegen 0.24/turn    (no ring)
MPRegen 0.09/turn

%: no passive effects
@: slowed, very slow
A: sickness immunity, AC +3, negative energy resistance 1, electricity
resistance, torment resistance 1, petrification resistance
a: no special abilities


You were on level 4 of the Dungeon.
You visited 1 branch of the dungeon, and saw 3 of its levels.

You collected 28 gold pieces.


Innate Abilities, Weirdness & Mutations

You are immune to sickness and miasma.
Your stone body is resilient. (AC +3)
You are immune to poison.
You resist negative energy. (rN+)
You are resistant to electric shocks. (rElec)
You are resistant to unholy torment.
You are immune to petrification.


   Skills:
 - Level 2.2 Fighting
 + Level 4.3 Ranged Weapons
 - Level 1.5 Dodging
 - Level 1.0 Spellcasting
 - Level 2.6 Hexes


You had 4 spell levels left.
You knew the following spells:

 Your Spells              Type           Power      Damage    Failure   Level
a - Slow                  Hex            28%        N/A       10%         1

Your spell library contained the following spells:

 Spells                   Type           Power      Damage    Failure   Level
 Inner Flame              Hex/Fire       4%         N/A       43%         3
 Portal Projectile        Hex/Tloc       8%         N/A       43%         3
 Cause Fear               Hex            3%         N/A       67%         4

Inventory:

Hand Weapons
 Y - a +1 sling (weapon)
Armour
 b - a +0 leather armour
 c - a +0 robe (worn)
 f - a +0 pair of boots (worn)
Potions
 a - a potion of cancellation {unknown}
 d - a potion of magic {unknown}

Dungeon Overview and Level Annotations

Branches:
Dungeon (4/15)
 Temple: D:4-7

Altars:
Elyvilon
Uskayaw

Annotations:
D:2 1 runed translucent door, Crazy Yiuf
D:4 Natasha


Message History

The orc hits you but does no damage.
You shoot a sling bullet. The sling bullet hits the orc.
You kill the orc!
You start resting.
Natasha, Servant of Life and Death comes into view.
You shoot a sling bullet.
The sling bullet hits Natasha but does no damage.
Natasha hisses.
Natasha casts a spell at you.
You feel yourself slow down.
You shoot a sling bullet.
The sling bullet closely misses Natasha.
You shoot a sling bullet. The sling bullet hits Natasha.
Natasha is moderately wounded.
You shoot a sling bullet. The sling bullet hits Natasha.
Natasha is heavily wounded.
Natasha extends her claws.
Natasha barely misses you.
You shoot a sling bullet.
The sling bullet closely misses Natasha.
Natasha claws you but does no damage. Natasha claws you.
You shoot a sling bullet. The sling bullet hits Natasha.
Natasha is severely wounded.
Natasha claws you but does no damage.
Natasha stares at you and mumbles some strange words.
The magic dart hits you.
You shoot a sling bullet. The sling bullet misses Natasha.
Natasha claws you!
You shoot a sling bullet. The sling bullet hits Natasha.
Natasha is almost dead.
Natasha barely misses you.
Natasha stares at you and mumbles some strange words.
The magic dart hits you!
You shoot a sling bullet.
The sling bullet hits Natasha but does no damage.
Natasha is almost dead.
Natasha barely misses you. Natasha closely misses you.
You shoot a sling bullet. The sling bullet barely misses Natasha.
Natasha claws you!
You die...

#....................
#....................
#.........#..........
#............%.......
##......#.#..........
#......#.##..#######
#......#.###......#
#........####...#..#
#.....#####.@......#
#...... #.h......#
..........+
#.....}....#
#..........#
#......._..#
###........#
##........


You could see Natasha.

Vanquished Creatures
  Terence (D:2)
  Natasha (D:4)
  2 adders (D:2)
  An orc (D:4)
  3 endoplasms
  3 giant cockroaches
  2 hobgoblins (D:1)
  A ball python (D:2)
  3 bats (D:1)
  3 frilled lizards
  3 goblins
  A kobold (D:1)
  6 rats (D:1)
30 creatures vanquished.

Notes
Turn   | Place    | Note
-------+----------+-------------------------------------------
     0 | D:1      | qw the Gargoyle Hexslinger began the quest for the Orb.
     0 | D:1      | Reached XP level 1. HP: 12/12 MP: 2/2
     0 | D:1      | 0 ||| qw: Version: 0.3-a-46-gb1f654a
     0 | D:1      | 0 ||| qw: Game counter: 2626
     0 | D:1      | 0 ||| qw: Melee chars always use a shield: true
     0 | D:1      | 0 ||| qw: God list: Okawaru
     0 | D:1      | 0 ||| qw: Allow faded altars: false
     0 | D:1      | 0 ||| qw: Do Orc after clearing Dungeon:15 true
     0 | D:1      | 0 ||| qw: Do second Lair branch before Depths: true
     0 | D:1      | 0 ||| qw: Lair rune preference: random
     0 | D:1      | 0 ||| qw: Goals: Normal
     0 | D:1      | 0 ||| PLANNING D:1-11
   322 | D:1      | Reached XP level 2. HP: 16/16 MP: 3/3
   393 | D:1      | Reached skill level 3 in Ranged Weapons
   644 | D:1      | 644 ||| UPGRADING to +0 pair of boots.
   649 | D:1      | 649 ||| READING 2 scrolls labelled LUPA XAOMPYBO.
   650 | D:1      | 650 ||| READING scroll labelled SECADWY MOATEU.
   651 | D:1      | 651 ||| READING scroll labelled YPESKI HUYWNA.
   752 | D:1      | 752 ||| DROPPING scroll of amnesia.
   753 | D:1      | 753 ||| DROPPING scroll of poison.
   911 | D:2      | Reached XP level 3. HP: 21/21 MP: 4/4
   960 | D:2      | Noticed Terence
   978 | D:2      | HP: 4/21 [Terence/+0 flail (6)]
   980 | D:2      | HP: 1/21 [Terence/+0 flail (4)]
   982 | D:2      | Killed Terence
  1105 | D:2      | Found a runed translucent door.
  1106 | D:2      | Noticed Crazy Yiuf
  1176 | D:2      | Reached XP level 4. HP: 25/26 MP: 5/5
  1180 | D:2      | You fall into a shaft and drop 2 floors!
  1204 | D:4      | Noticed Natasha
  1215 | D:4      | Killed Natasha
  1216 | D:4      | Reached skill level 4 in Ranged Weapons
  1251 | D:4      | Found a white marble altar of Elyvilon.
  1252 | D:4      | Found a hide-covered altar of Uskayaw.
  1272 | D:4      | Noticed Natasha
  1280 | D:4      | HP: 3/26 [Natasha/magic dart (8)]
  1282 | D:4      | Slain by Natasha

Levels and vault maps discovered:
D:1:      dpeg_arrival_rhombus, layout_loops_ring, hex_tiny
D:2:      layout_basic, shapermc_ecumenical_altar_hornbeckon, uniq_terence,
          uniq_crazy_yiuf_cottage
D:4:      layout_basic, grunt_temple_overflow_open, minmay_temple_entry_mist,
          serial_park_tiny_2, serial_bayou_pond_d, grunt_ministairs_4,
          nicolae_underground_beach, uniq_ijyb, uniq_eustachio, uniq_natasha,
          uniq_sigmund

Skill      XL: |  1  2  3  4 |
---------------+-------------+-----
Ranged Weapons | 3 4 |  4.3
Fighting       | 2 |  2.2
Dodging        | |  1.5
Spellcasting   | |  1.0
Hexes          | |  2.6

Action                     |  1- 3 |  4- 6 || total
---------------------------+-------+-------++-------
   Fire: Sling             |    85 |    45 ||   130
    Use: Scroll            |     3 |       ||     3
 Armour: Robe              |    12 |    14 ||    26
  Dodge: Dodged            |    26 |    18 ||    44

Table legend:
 A = Non-vault XP
 B = Vault XP
 C = Vault XP percentage of total XP
 D = Non-vault monster count
 E = Vault monster count
 F = Vault count percentage of total count
                 A         B        C        D         E       F
            +---------+---------+-------+---------+---------+-------
      Total |      66 |      71 |  51.8 |      28 |       2 |   6.7
            +---------+---------+-------+---------+---------+-------
        D:1 |      23 |       0 |   0.0 |      17 |       0 |   0.0
        D:2 |      34 |      36 |  51.4 |       7 |       1 |  12.5
        D:4 |       9 |      35 |  79.5 |       4 |       1 |  20.0
            +---------+---------+-------+---------+---------+-------
